AoeStats
← lesadel2021

Arena

509702367Analyzed
1v1 RM · 5d ago on Sep 27, 2026· 42m 41s· 2 players
Game mode
Random Map
Map size
Tiny (2 player)
Population
200
Speed
Normal
Resources
Standard
Victory
Conquest
Starting age
Dark Age
Ending age
Imperial Age
RankedLock teamsTeams togetherTeam positionsShared explorationLock speedFull tech treeHidden civsTurbo modeCheats
Victory
Defeat
🇺🇸 Persians · United States
784
+17
🇦🇷 Britons · Argentina
810
-44
jgreen48
6:57 Loom
10:43 Feudal Age
11:53 Double-Bit Axe
13:00 Horse Collar
17:02 Castle Age
17:20 Bloodlines
18:36 Town Watch
19:54 Wheelbarrow
25:22 Heavy Plow
25:49 Town Patrol
25:55 Stone Mining
26:07 Fletching
26:59 Bow Saw
29:53 Hand Cart
29:14 Elite Skirmisher
31:25 Thumb Ring
33:25 Scale Barding Armor
33:31 Forging
36:58 Imperial Age
37:14 Chain Barding Armor
36:50 Bodkin Arrow
36:55 Padded Archer Armor
37:31 Iron Casting
38:30 Chemistry
37:53 Ballistics
37:52 Husbandry
39:35 Cavalier
41:37 Leather Archer Armor
41:58 Plate Barding Armor
42:24 Blast Furnace
41:15 Savar
lesadel2021
11:11 Feudal Age
17:10 Castle Age
24:15 Horse Collar
25:13 Wheelbarrow
24:25 Loom
24:26 Town Watch
24:35 Double-Bit Axe
27:09 Hand Cart
28:48 Heavy Plow
29:25 Town Patrol
35:34 Imperial Age
33:32 Gold Mining
33:32 Stone Mining
33:29 Man-at-Arms
33:29 Pikeman
34:14 Gambesons
34:29 Squires
34:14 Arson
35:44 Long Swordsman
35:45 Halberdier
36:05 Light Cavalry
36:05 Cavalier
36:45 Husbandry
37:53 Crossbowman
37:54 Elite Skirmisher
39:31 Arbalester
Connection lost

Rejoining the realm…

Still unreachable

The connection could not be restored.

Session expired

The server has moved on; the page needs a fresh start.